 Dungeon Crawl Stone Soup version 0.27-a0-380-g150de4c316 (webtiles) character file.

Game seed: 2085783020312816551

5019 sanka the Martial Artist (level 10, -5/71 HPs)
             Began as a Vampire Transmuter on Feb 17, 2021.
             Was an Elder of Okawaru.
             Slain by Snorg (8 damage)
             ... on level 10 of the Dungeon.
             The game lasted 00:17:48 (10398 turns).

sanka the Martial Artist (Vampire Transmuter)      Turns: 10398, Time: 00:17:49

Health: -5/71      AC:  8    Str: 14    XL:     10   Next: 30%
Magic:  22/22      EV: 19    Int: 20    God:    Okawaru [****..]
Gold:   182        SH:  0    Dex: 18    Spells: 7/13 levels left

rFire    + . .     SeeInvis +     - Unarmed
rCold    . . .     Faith    .   (no shield)
rNeg     . . .     Spirit   .   a - +0 robe
rPois    +         Reflect  .   H - +3 hat "Kiujoum" {Str+5 Int+4}
rElec    .         Harm     .   (no cloak)
rCorr    .         Rampage  +   x - +0 pair of gloves
Will     +....                  h - +1 pair of boots {rampage}
Stlth    ++........             (no amulet)
HPRegen  0.41/turn              F - ring "Rath" {rPois rF+}
MPRegen  0.18/turn              g - ring of magical power

@: regenerating quickly
A: fangs 3, see invisible, unbreathing
a: Exsanguinate, Renounce Religion, Heroism


You were on level 10 of the Dungeon.
You worshipped Okawaru.
Okawaru was greatly pleased with you.
You visited 2 branches of the dungeon, and saw 11 of its levels.

You collected 585 gold pieces.
You spent 403 gold pieces at shops.


Innate Abilities, Weirdness & Mutations

Your natural rate of healing is unusually fast.
You have razor-sharp teeth.
You have supernaturally acute eyesight. (SInv)
You can survive without breathing.


   Skills:
 - Level 4.0 Fighting
 + Level 9.2 Dodging
 + Level 10.2 Unarmed Combat
 - Level 2.0 Spellcasting
 - Level 6.0 Transmutations
 - Level 4.0 Poison Magic
 - Level 4.0 Invocations


You had 7 spell levels left.
You knew the following spells:

 Your Spells              Type           Power        Failure   Level
x - Beastly Appendage     Tmut           52%          1%          1
y - Wereblood             Tmut           26%          1%          2
z - Spider Form           Tmut/Pois      11%          6%          3

Your spell library contained the following spells:

 Spells                   Type           Power        Failure   Level
 Foxfire                  Conj/Fire      8%           16%         1
 Magic Dart               Conj           8%           16%         1
 Sandblast                Erth           4%           16%         1
 Blink                    Tloc           N/A          24%         2
 Call Imp                 Summ           2%           24%         2
 Slow                     Hex            2%           24%         2
 Mephitic Cloud           Conj/Pois/Air  7%           28%         3
 Blade Hands              Tmut           13%          36%         5
 Ice Form                 Ice/Tmut       14%          41%         4
 Petrify                  Tmut/Erth      14%          41%         4
 Confusing Touch          Hex            2%           43%         3
 Conjure Flame            Conj/Fire      2%           43%         3
 Gell's Gravitas          Tloc           1%           43%         3
 Inner Flame              Hex/Fire       2%           43%         3
 Summon Guardian Golem    Hex/Summ       2%           43%         3
 Tukima's Dance           Hex            2%           43%         3
 Yara's Violent Unravell  Hex/Tmut       7%           77%         5
 Sticky Flame             Conj/Fire      2%           83%         4
 Fireball                 Conj/Fire      1%           99%         5
 Metabolic Englaciation   Hex/Ice        1%           99%         5

Inventory:

Missiles
 A - a throwing net {=f}
Armour
 a - a +0 robe (worn)
 h - a +1 pair of boots of rampaging (worn)
 x - a +0 pair of gloves (worn)
 G - the +1 pair of boots "Irerot" {rElec rC+ Str-5}

   It affects your strength (-5).
   It protects you from cold.
   It insulates you from electricity.
 H - the +3 hat "Kiujoum" (worn) {Str+5 Int+4}

   It affects your strength (+5).
   It affects your intelligence (+4).
Jewellery
 g - a ring of magical power (right hand)
 i - a ring of flight
 F - the ring "Rath" (left hand) {rPois rF+}

   [ring of poison resistance]

   It protects you from fire.
   It protects you from poison.
Wands
 d - a wand of flame (22)
 s - a wand of random effects (13)
 B - a wand of acid (3)
Scrolls
 b - 5 scrolls of enchant armour {unknown}
 f - 11 scrolls of identify {unknown}
 j - a scroll of enchant weapon {unknown}
 k - 2 scrolls of random uselessness {unknown}
 l - 5 scrolls of amnesia {unknown}
 r - 2 scrolls of immolation {unknown}
 y - 5 scrolls of teleportation {@r4}
 C - a scroll of fog {unknown}
 J - a scroll of fear {unknown}
Potions
 c - a potion of resistance {unknown}
 e - 2 potions of lignification {unknown}
 m - a potion of degeneration {unknown}
 n - a potion of brilliance {unknown}
 o - 2 potions of magic {unknown}
 p - a potion of flight {unknown}
 q - 5 potions of mutation {unknown}
 t - 3 potions of heal wounds {@q2}
 u - a potion of might
 v - a potion of curing {@q1}
 w - a potion of attraction {unknown}
 z - a potion of cancellation {unknown}
 D - a potion of haste {@q3}
 E - 2 potions of berserk rage {unknown}
 I - a potion of ambrosia {unknown}
 K - a potion of invisibility {unknown}

Dungeon Overview and Level Annotations

Branches:
Dungeon (10/15)            Temple (1/1) D:4            Lair (0/6) D:10
    Orc: D:9-12

Altars:
Ashenzari
Cheibriados
Dithmenos
Elyvilon
Fedhas
Gozag
Hepliaklqana
Kikubaaqudgha
Makhleb
Nemelex Xobeh
Okawaru
Qazlal
Ru
Sif Muna
Trog
Uskayaw
Vehumet
Wu Jian
Xom
Yredelemnul
Zin
The Shining One

Shops:
D:4 !   D:8 [:[*

Annotations:
D:10 Snorg

. ▒ ....▒▒▒▒▒▒▒ ▒ .......... ▒
▒▒▒+▒▒▒▒▒▒ .......▒
▒▒▒▒▒▒▒▒▒▒........▒ ▒......▒
▒.....▒▒.+........▒▒▒▒......▒
+........▒..................▒
.........▒.....O............▒
.............o.TV.......)...▒
.P.......▒........▒▒'▒▒)....▒
.........▒........▒...▒))}.▒▒
.......f..........▒...▒....▒▒▒▒▒
.▒▒▒▒...P.........▒...▒....▒...▒
.▒>.▒P.f.....▒▒▒▒.▒▒▒▒▒▒▒▒.▒.▒.▒▒
.▒..)...f....▒ ▒... ▒.▒.▒...
.▒▒▒▒P.P..(..▒ ▒.... ▒.......
.fP..Pf)f....▒ ..... ▒▒▒.▒▒▒.


You could see Snorg (berserk), a two-headed ogre and an orc warrior.


Message History

The orc priest closely misses you. The orc warrior completely misses you.
You hit the orc priest but do no damage.
The orc priest is poisoned.
The orc priest mumbles some strange prayers to Beogh against you.
Beogh smites you!
* * * LOW HITPOINT WARNING * * *
Unknown command.
You bite the orc priest!
The orc priest looks as sick as possible!
The orc priest is heavily wounded.
The orc warrior hits you with a +0 glaive.
* * * LOW HITPOINT WARNING * * *
The orc priest completely misses you.
You kill the orc priest!
Okawaru accepts your kill. The orc warrior misses you.
Your transformation is almost over.
Snorg goes berserk!
Snorg bites you!!
* * * LOW HITPOINT WARNING * * *
Snorg closely misses you. Snorg claws you!
* * * LOW HITPOINT WARNING * * *
Your transformation has ended.
You feel ready to rampage towards enemies.
Snorg bites you but does no damage. Snorg barely misses you. Snorg claws you!
You die...

Action                   |  1- 3 |  4- 6 |  7- 9 | 10-12 || total
-------------------------+-------+-------+-------+-------++-------
Melee: Unarmed           |   137 |   200 |   483 |   101 ||   921
       Bite              |     7 |    12 |    11 |     1 ||    31
       Kick              |     7 |    15 |       |       ||    22
       Punch             |     3 |     4 |     2 |       ||     9
       Headbutt          |     1 |     9 |       |       ||    10
 Cast: Beastly Appendage |     4 |    11 |       |       ||    15
       Spider Form       |       |     7 |    43 |     6 ||    56
Invok: Heroism           |       |       |     7 |     1 ||     8
  Use: Scroll            |       |     2 |       |       ||     2
 Stab: Sleeping          |     2 |     4 |     4 |       ||    10
Armor: Robe              |    21 |    37 |    17 |     2 ||    77
       Skin              |       |     2 |    13 |     4 ||    19
Dodge: Dodged            |    78 |   162 |   444 |   118 ||   802

Levels and vault maps discovered:
D:1:      matt_arrival_los_fun, layout_loops_ring, serial_glass,
          glass_columns_b, glass_columns_b
D:2:      minmay_recursive_quarters, layout_rooms,
          grunt_temple_overflow_holy_war, overflow_temple_1_default
D:3:      lemuel_upstairs_altar, layout_loops_ring
D:4:      layout_basic, minmay_temple_entry_fiery, serial_shops, shop
D:5:      layout_rooms, minmay_overflow_temple_star_hex, nrook_campfire,
          chequers_serial_rivers_small_3, uniq_edmund
D:6:      layout_basic
D:7:      layout_loops_ring, marbit_many_paths
D:8:      layout_basic, overflow_temple_1_default, serial_shops,
          nicolae_shop_statue_plus, nicolae_shop_behind_doors,
          nicolae_shop_trees, nicolae_shop_crystal, basic_altar, uniq_pikel
D:9:      layout_long_grid
D:10:     layout_basic, grunt_lair_entry_orc_guard_hut, orc_0_dummy,
          fungi_pond_lemuel, minmay_nine_imps, uniq_snorg
Temple:   hc_temple_tempest_star

Notes
Turn   | Place    | Note
-------+----------+-------------------------------------------
     0 | D:1      | sanka the Vampire Transmuter began the quest for the Orb.
     0 | D:1      | Reached XP level 1. HP: 14/14 MP: 3/3
   326 | D:1      | Reached skill level 4 in Unarmed Combat
   326 | D:1      | Reached XP level 2. HP: 20/20 MP: 5/5
   791 | D:1      | Reached XP level 3. HP: 25/25 MP: 6/6
   821 | D:2      | Found a broken altar of Ashenzari.
   835 | D:2      | Learned a level 2 spell: Wereblood
   839 | D:2      | Learned a level 3 spell: Spider Form
  1028 | D:2      | Found a glowing golden altar of the Shining One.
  1030 | D:2      | Noticed an angel
  1041 | D:2      | Found a basalt altar of Yredelemnul.
  1043 | D:2      | Noticed a profane servitor
  1093 | D:1      | Reached skill level 5 in Unarmed Combat
  1197 | D:1      | HP: 2/25 [poisoned by an adder]
  1203 | D:1      | HP: 2/25 [poisoned by an adder]
  1211 | D:1      | HP: 2/25 [poisoned by an adder]
  1426 | D:2      | Reached XP level 4. HP: 27/31 MP: 7/7
  1435 | D:2      | Reached skill level 1 in Poison Magic
  1917 | D:3      | Reached skill level 3 in Transmutations
  2523 | D:3      | Reached XP level 5. HP: 36/36 MP: 8/8
  2525 | D:3      | Reached skill level 2 in Poison Magic
  2826 | D:3      | Reached skill level 4 in Transmutations
  3287 | D:4      | Reached skill level 3 in Poison Magic
  3287 | D:4      | Reached XP level 6. HP: 42/42 MP: 9/9
  3367 | D:4      | Identified Boukk's Grimoire of Earthen Curses
  3584 | D:4      | Found Zoloekh's Distillery.
  3991 | D:4      | Found a staircase to the Ecumenical Temple.
  3997 | Temple   | Entered the Ecumenical Temple
  4306 | Temple   | Became a worshipper of Warmaster Okawaru
  4368 | D:4      | Bought a potion of heal wounds for 65 gold pieces
  4368 | D:4      | Bought a potion of might for 52 gold pieces
  4368 | D:4      | Bought a potion of curing for 39 gold pieces
  4377 | D:5      | Entered Level 5 of the Dungeon
  4423 | D:5      | Reached skill level 5 in Transmutations
  4502 | D:5      | HP: 3/42 [white imp/puff of frost (9)]
  4638 | D:5      | Noticed Edmund
  4653 | D:5      | Killed Edmund
  4653 | D:5      | Reached * piety under Okawaru
  4654 | D:5      | Reached skill level 4 in Poison Magic
  4654 | D:5      | Reached XP level 7. HP: 36/47 MP: 10/10
  4850 | D:5      | Reached skill level 6 in Transmutations
  4850 | D:5      | Reached skill level 1 in Invocations
  5018 | D:5      | Reached skill level 2 in Invocations
  5214 | D:5      | Found an ornate altar of the Wu Jian Council.
  5218 | D:5      | Found a bloodstained altar of Trog.
  5218 | D:5      | Found a sparkling altar of Nemelex Xobeh.
  5227 | D:5      | Found a stormy altar of Qazlal.
  5230 | D:5      | Found an ancient bone altar of Kikubaaqudgha.
  5337 | D:6      | Reached skill level 3 in Invocations
  5617 | D:6      | Reached skill level 4 in Invocations
  5617 | D:6      | Reached skill level 1 in Fighting
  5746 | D:6      | Reached XP level 8. HP: 54/54 MP: 11/11
  5939 | D:6      | Reached skill level 2 in Fighting
  5939 | D:6      | Reached skill level 3 in Dodging
  6885 | D:7      | Reached skill level 6 in Unarmed Combat
  6891 | D:7      | Reached ** piety under Okawaru
  6892 | D:7      | Reached skill level 4 in Dodging
  6992 | D:7      | Reached skill level 3 in Fighting
  7341 | D:7      | Found a shimmering blue altar of Sif Muna.
  7627 | D:8      | Reached skill level 5 in Dodging
  7770 | D:8      | Found Kikiufu's Assorted Antiques.
  7835 | D:8      | Reached skill level 4 in Fighting
  7835 | D:8      | Reached skill level 7 in Unarmed Combat
  7835 | D:8      | Reached XP level 9. HP: 65/65 MP: 12/12
  7961 | D:8      | Found an opulent altar of Gozag.
  8142 | D:8      | Noticed Pikel
  8162 | D:8      | Killed Pikel
  8163 | D:8      | Reached skill level 6 in Dodging
  8163 | D:8      | Reached skill level 8 in Unarmed Combat
  8384 | D:8      | Found Xugig's Antique Armour Shoppe.
  8417 | D:8      | Reached *** piety under Okawaru
  8599 | D:8      | Reached skill level 7 in Dodging
  8650 | D:8      | Found a stormy altar of Qazlal.
  8685 | D:8      | Got a twitching platinum ring
  8687 | D:8      | Identified the ring "Rath" {rPois rF+} (You found it on
                  | level 8 of the Dungeon)
  8813 | D:8      | Found Iwnut's Book Boutique.
  8835 | D:8      | Found Uteemn's Armour Boutique.
  8979 | D:8      | Bought a pair of smouldering boots for 247 gold pieces
  8989 | D:8      | Identified the +1 pair of boots "Irerot" {rElec rC+ Str-5}
                  | (You bought it in a shop on level 8 of the Dungeon)
  9091 | D:9      | Reached skill level 9 in Unarmed Combat
  9231 | D:9      | Got a masterwork hat
  9237 | D:9      | Identified the +3 hat "Kiujoum" {Str+5 Int+4} (You found it
                  | on level 9 of the Dungeon)
  9339 | D:9      | Reached skill level 8 in Dodging
  9967 | D:9      | Reached XP level 10. HP: 71/71 MP: 13/13
 10042 | D:10     | Entered Level 10 of the Dungeon
 10092 | D:10     | Reached **** piety under Okawaru
 10286 | D:10     | Reached skill level 10 in Unarmed Combat
 10301 | D:10     | Reached skill level 9 in Dodging
 10328 | D:10     | Found a staircase to the Lair.
 10372 | D:10     | Noticed Snorg
 10374 | D:10     | Noticed a two-headed ogre
 10396 | D:10     | HP: 3/71 [Snorg (10)]
 10398 | D:10     | Slain by Snorg

Vanquished Creatures
  Pikel (D:8)
  A komodo dragon (D:10)
  Edmund (D:5)
  7 orc warriors
  5 ice beasts
  A sky beast (D:8)
  A necrophage (D:5)
  2 ogres
  A centaur (D:9)
  A phantom (D:8)
  2 kobold brigands
  5 bullfrogs
  A gnoll sergeant (D:8)
  6 scorpions
  3 wights (D:10)
  A howler monkey (D:6)
  A centaur zombie (D:6)
  A bullfrog zombie (D:9)
  2 quasits
  6 crimson imps (D:10)
  A hound (D:4)
  A centaur skeleton (D:5)
  10 orc priests
  A gnoll shaman (D:8)
  A bullfrog skeleton (D:8)
  3 iguanas
  10 orc wizards
  4 worker ants
  A hound zombie (D:9)
  A worker ant zombie (D:5)
  14 gnolls
  A howler monkey skeleton (D:8)
  12 adders
  A shadow imp (D:10)
  3 white imps
  4 ufetubi
  An ooze (D:1)
  An adder zombie (D:8)
  An adder skeleton (D:5)
  4 worms
  A dart slug (D:1)
  7 leopard geckos
  24 orcs
  5 giant cockroaches
  12 goblins
  6 hobgoblins
  10 jackals
  14 kobolds
  2 quokkas
  A ball python (D:2)
  8 bats
  4 frilled lizards
  A quokka zombie (D:8)
  13 rats
232 creatures vanquished.

Vanquished Creatures (others)
  11 fungi (D:10)
  9 plants (D:10)
20 creatures vanquished.

Grand Total: 252 creatures vanquished
